 Dungeon Crawl Stone Soup version 0.28-a0-1374-ga75cb3825e (webtiles) character file.

Game seed: 3109873914030913593

1137 pokeman the Thaumaturge (level 8, -5/42 (44) HPs)
             Began as a Deep Elf Hedge Wizard on Dec 31, 2021.
             Was a Follower of Vehumet.
             Slain by a wyvern (15 damage)
             ... on level 6 of the Dungeon.
             The game lasted 00:13:50 (6695 turns).

pokeman the Thaumaturge (Deep Elf Hedge Wizard)     Turns: 6695, Time: 00:13:51

HP:   -5/42 (44)    AC:  8    Str:  7    XL:     8   Next: 14%
MP:   13/23         EV: 12    Int: 22    God:    Vehumet [*.....]
Gold: 261           SH:  0    Dex: 14    Spells: 13/25 levels left

rFire   . . .      SeeInvis .   p - +4 quarterstaff (chaos)
rCold   . . .      Faith    .   (shield currently unavailable)
rNeg    . . .      Spirit   .   t - +0 leather armour
rPois   +          Reflect  .   c - +0 hat
rElec   .          Harm     .   q - +0 cloak
rCorr   .          Rampage  .   s - +2 pair of gloves
Will    .....                   y - +0 pair of boots
Stlth   ++........              (no amulet)
HPRegen 0.14/turn               o - ring of poison resistance
MPRegen 0.18/turn               (no ring)

@: on blink cooldown, lightly drained
A: no striking features
a: Renounce Religion


You were on level 6 of the Dungeon.
You worshipped Vehumet.
Vehumet was aware of your devotion.
You visited 1 branch of the dungeon, and saw 6 of its levels.
You also visited: Sewer.

You collected 261 gold pieces.

Inventory:

Hand Weapons
 b - a +0 hand crossbow
 p - a +4 quarterstaff of chaos (weapon)
Missiles
 a - 112 arrows
 r - 27 bolts
Armour
 c - a +0 hat (worn)
 k - an orb of light
 q - a +0 cloak (worn)
 s - a +2 pair of gloves (worn)
 t - a +0 leather armour (worn)
 y - a +0 pair of boots (worn)
Jewellery
 o - a ring of poison resistance (left hand)
 C - an amulet of guardian spirit
 G - a ring of ice
Wands
 z - a wand of flame (19)
 D - a wand of polymorph (2)
Scrolls
 h - a scroll of teleportation {unknown}
 i - 3 scrolls of identify {unknown}
 j - 3 scrolls of immolation {unknown}
 l - a scroll of blinking {unknown}
 m - a scroll of fear {unknown}
 u - 3 scrolls of enchant armour {unknown}
 v - a scroll of summoning {unknown}
 x - a scroll of torment {unknown}
 A - a scroll of noise {unknown}
 E - a scroll of magic mapping {unknown}
Potions
 d - 3 potions of curing {unknown}
 e - a potion of attraction {unknown}
 f - 3 potions of heal wounds {unknown}
 g - a potion of ambrosia {unknown}
 n - 4 potions of resistance {unknown}
 w - a potion of haste {unknown}
 B - a potion of flight {unknown}
 F - a potion of invisibility {unknown}


   Skills:
 - Level 2.0 Fighting
 + Level 1.2 Armour
 - Level 4.2 Dodging
 - Level 3.0 Stealth
 * Level 9.1 Spellcasting
 + Level 4.6 Conjurations
 - Level 1.1 Summonings
 - Level 1.1 Translocations
 + Level 2.2 Fire Magic
 - Level 2.0 Air Magic
 - Level 1.1 Poison Magic
 - Level 1.0 Evocations


You had 13 spell levels left.
You knew the following spells:

 Your Spells              Type           Power      Damage    Failure   Level
a - Magic Dart            Conj           100%       1d8       1%          1
b - Mephitic Cloud        Conj/Pois/Air  21%        N/A       10%         3
c - Call Imp              Summ           14%        N/A       10%         2
d - Blink                 Tloc           28%        N/A       10%         2
e - Conjure Flame         Conj/Fire      25%        6-21      7%          3
f - Foxfire               Conj/Fire      100%       2x1d9     2%          1

Your spell library contained the following spells:

 Spells                   Type           Power      Damage    Failure   Level
 Freeze                   Ice            40%        1d6       10%         1
 Slow                     Hex            40%        N/A       10%         1
 Frozen Ramparts          Ice            20%        1d4       28%         3
 Hailstorm                Conj/Ice       20%        3d6       36%         4


Dungeon Overview and Level Annotations

Branches:
Dungeon (6/15)             Temple (0/1) D:5           Sewer (visited)

Altars:
Ashenzari
Dithmenos
Kikubaaqudgha
Nemelex Xobeh
Ru
Sif Muna
Trog
Vehumet
Wu Jian
Zin


Message History

The wyvern bites your white imp but does no damage.
The vampire mosquito bites you.
The vampire mosquito draws strength from your injuries!
You thump the vampire mosquito! You burn the vampire mosquito.
The vampire mosquito is severely damaged.
The wyvern bites your white imp! The vampire mosquito bites you!
The vampire mosquito draws strength from your injuries!
The wyvern closely misses your white imp.
The vampire mosquito misses you.
Your white imp hits the wyvern but does no damage.
Unknown command.
You closely miss the vampire mosquito.
The vampire mosquito is moderately damaged.
The vampire mosquito misses you.
The wyvern barely misses your white imp.
The vampire mosquito bites you.
The vampire mosquito draws strength from your injuries!
The wyvern closely misses your white imp.
Your white imp hits the wyvern.
Your white imp freezes the wyvern.
The vampire mosquito barely misses you.
Unknown command.
Unknown command.
You barely miss the vampire mosquito.
The vampire mosquito is moderately damaged.
The wyvern closely misses your white imp.
The vampire mosquito bites you!
The vampire mosquito draws strength from your injuries!
Your white imp closely misses the wyvern.
The wyvern bites your white imp.
Your white imp dies!
Your white imp disappears in a puff of smoke!
The vampire mosquito bites you.
* * * LOW HITPOINT WARNING * * *
The vampire mosquito draws strength from your injuries!
Unknown command.
Unknown command.
Casting: Call Imp (safe; 10% risk of failure)
Confirm with . or Enter, or press ? or * to list all spells.
You blink.
The wyvern closely misses you. The wyvern bites you!
You die...

###...# ....<# #....#
## #....# [..#....#
......# ..# #.###...#
#..# #......@# #..#
......#l#####..####
##... #y#.........# #.
.... #.#.........#
...... #ยง#.........#
##... ##.#...<.....#
....# ##..#.........#
....###..##.........#
..##.....###.........#


You could see a wyvern and a vampire mosquito.

Vanquished Creatures
  Sigmund (D:3)
  2 ogres (D:5)
  A phantom (D:4)
  A scorpion (D:4)
  A wyvern skeleton (D:5)
  7 wights
  A bullfrog skeleton (D:5)
  A hound (D:5)
  Crazy Yiuf (D:2)
  A centaur skeleton (D:5)
  An orc priest (D:4)
  An orc wizard (D:4)
  5 adders
  A river rat (Sewer)
  4 worms
  3 dart slugs
  7 orcs
  5 bats
  5 endoplasms
  5 giant cockroaches
  3 goblins
  7 hobgoblins
  14 kobolds
  7 quokkas
  8 ball pythons
  4 frilled lizards
  7 rats
104 creatures vanquished.

Vanquished Creatures (others)
  18 foxfires
  A fungus (D:2)
19 creatures vanquished.

Grand Total: 123 creatures vanquished

Notes
Turn   | Place    | Note
-------+----------+-------------------------------------------
     0 | D:1      | pokeman the Deep Elf Hedge Wizard began the quest for the
                  | Orb.
     0 | D:1      | Reached XP level 1. HP: 10/10 MP: 7/7
   363 | D:1      | Reached XP level 2. HP: 15/15 MP: 6/9
  1005 | D:1      | Reached skill level 5 in Spellcasting
  1529 | D:2      | Reached XP level 3. HP: 14/20 MP: 5/11
  1533 | D:2      | Learned a level 3 spell: Mephitic Cloud
  1536 | D:2      | Learned a level 2 spell: Call Imp
  1539 | D:2      | Learned a level 2 spell: Blink
  1543 | D:2      | Learned a level 3 spell: Conjure Flame
  1700 | D:2      | Found a bloodstained altar of Trog.
  1918 | D:2      | Reached skill level 1 in Fighting
  1918 | D:2      | Reached skill level 1 in Armour
  2126 | D:2      | Found a faded altar of an unknown god.
  2382 | D:2      | Reached XP level 4. HP: 25/25 MP: 4/13
  2708 | D:2      | Found a runed translucent door.
  2709 | D:2      | Noticed Crazy Yiuf
  2727 | D:2      | Killed Crazy Yiuf
  3001 | D:3      | Reached skill level 1 in Fire Magic
  3747 | D:3      | Found a sacrificial altar of Ru.
  3747 | D:3      | Found an ornate altar of the Wu Jian Council.
  3755 | D:3      | Found a glowing silver altar of Zin.
  3757 | D:3      | Found a radiant altar of Vehumet.
  3758 | D:3      | Noticed Sigmund
  3759 | D:3      | Found a shimmering blue altar of Sif Muna.
  3770 | D:3      | Killed Sigmund
  3771 | D:3      | Reached skill level 6 in Spellcasting
  3771 | D:3      | Reached skill level 1 in Air Magic
  3771 | D:3      | Reached XP level 5. HP: 19/29 MP: 5/16
  3771 | D:3      | Reached XP level 6. HP: 23/34 MP: 5/17
  3853 | D:3      | Became a worshipper of Vehumet
  4035 | D:3      | Found a shadowy altar of Dithmenos.
  4327 | D:4      | Found a glowing drain.
  4390 | Sewer    | Entered a sewer
  4850 | Sewer    | Reached skill level 7 in Spellcasting
  5190 | D:4      | Found a bloodstained altar of Trog.
  5214 | D:4      | Found a broken altar of Ashenzari.
  5276 | D:4      | Reached skill level 1 in Poison Magic
  5276 | D:4      | Reached XP level 7. HP: 27/38 MP: 6/20
  5440 | D:4      | Reached skill level 8 in Spellcasting
  5751 | D:5      | Entered Level 5 of the Dungeon
  6027 | D:5      | Found an ancient bone altar of Kikubaaqudgha.
  6036 | D:5      | Reached skill level 1 in Evocations
  6049 | D:5      | Reached XP level 8. HP: 18/44 MP: 10/22
  6094 | D:4      | Reached skill level 9 in Spellcasting
  6408 | D:5      | Reached * piety under Vehumet
  6408 | D:5      | Offered knowledge of Foxfire by Vehumet.
  6411 | D:5      | Learned a level 1 spell: Foxfire
  6509 | D:5      | Found a staircase to the Ecumenical Temple.
  6655 | D:6      | Found a sparkling altar of Nemelex Xobeh.
  6695 | D:6      | Slain by a wyvern

Illustrated notes

Levels and vault maps discovered:
D:1:      nagdon_arrival_zigzag_paths, layout_basic,
          wander_ebering_terrifying_dragon_lair
D:2:      layout_loops_ring, basic_altar, basic_ecumenical_altar,
          chequers_jeans, uniq_crazy_yiuf_cottage
D:3:      layout_loops_ring, mainiacjoe_overflow_alcove_2,
          chequers_temple_overflow_minitemple, uniq_sigmund
D:4:      layout_loops_cross, nicolae_overflow_crystal_walls,
          nicolae_ashenzari_panopticon, gup_sewer_entry_bubbles
D:5:      layout_rooms, mainiacjoe_overflow_six_doors_small,
          minmay_temple_entry_drinking_statues
D:6:      hangedman_cross_stitches, layout_rooms,
          nemelex_xobeh_ov_fountains_minmay,
          mainiacjoe_overflow_concentric_impassable, palyth_stone_intersect

Skill      XL: |  1  2  3  4  5  6  7  8 |
---------------+-------------------------+-----
Spellcasting   | 5 6 7 8 9 |  9.1
Fighting       | 1 2 |  2.0
Armour         | 1 |  1.2
Conjurations   | 2 3 4 |  4.6
Fire Magic     | 1 2 |  2.2
Dodging        | 3 4 |  4.2
Air Magic      | 1 2 |  2.0
Poison Magic   | 1 |  1.1
Stealth        | 3 |  3.0
Evocations     | 1 |  1.0
Summonings     | |  1.1
Translocations | |  1.1

Action                   |  1- 3 |  4- 6 |  7- 9 || total
-------------------------+-------+-------+-------++-------
Melee: Dagger            |     1 |       |       ||     1
       Quarterstaff      |       |    18 |    20 ||    38
       Short sword       |       |     5 |       ||     5
 Fire: Hand crossbow     |       |    13 |    25 ||    38
 Cast: Magic Dart        |   109 |   106 |    24 ||   239
       Mephitic Cloud    |       |     6 |     3 ||     9
       Conjure Flame     |       |     5 |     7 ||    12
       Call Imp          |       |     2 |     2 ||     4
       Blink             |       |     1 |     3 ||     4
       Foxfire           |       |       |    10 ||    10
 Stab: Confused          |       |     1 |       ||     1
Armor: Robe              |     2 |     6 |       ||     8
       Leather armour    |       |     6 |    17 ||    23
Dodge: Dodged            |     6 |    29 |    27 ||    62

Table legend: (Time is in decaauts)
 A = Elapsed time spent in this place.
 B = Non-inter-level travel time spent in this place.
 C = Inter-level travel time spent in this place.
 D = Time resting spent in this place.
 E = Time spent auto-exploring this place.
 F = Levels seen in this place.
 G = Mean time per level.
                   A        B        C        D        E       F      G
               +--------+--------+--------+--------+--------+-----+--------+
         Total |   6826 |   6607 |    219 |    373 |   5232 |   7 |  975.1 |
       Dungeon |   6217 |   5998 |    219 |    373 |   4722 |   6 | 1036.2 |
         Sewer |    609 |    609 |      0 |      0 |    510 |   1 |  609.0 |
               +--------+--------+--------+--------+--------+-----+--------+

Top non-repeatable levels by time:
     D:1: 1522 daAuts
     D:2: 1432 daAuts
     D:4: 1336 daAuts
     D:3: 1269 daAuts
     D:5: 615 daAuts
   Sewer: 609 daAuts
     D:6: 40 daAuts
